 Dungeon Crawl Stone Soup version 0.22-a0-21-g9421e3f (webtiles) character file.

8922 mopl the Cleaver (level 11, -1/83 HPs)
             Began as a Demonspawn Wanderer on Jan 2, 2018.
             Was a Priest of Makhleb.
             Slain by an orc
             ... wielding a +0 trident
              (2 damage)
             ... on level 10 of the Dungeon.
             The game lasted 00:14:01 (9113 turns).

mopl the Cleaver (Demonspawn Wanderer)              Turns: 9113, Time: 00:14:01

Health: -1/83      AC: 18    Str: 16    XL:     11   Next: 16%
Magic:  25/26      EV: 10    Int: 13    God:    Makhleb [***...]
Gold:   226        SH:  0    Dex: 13    Spells: 10/10 levels left

rFire    + . .     SeeInvis .   x - +0 war axe
rCold    . . .     Gourm    .   (no shield)
rNeg     . . .     Faith    .   y - +0 swamp dragon scales
rPois    +         Spirit   .   D - +2 hat
rElec    .         Reflect  .   C - +0 cloak (curse)
rCorr    .         Harm     .   O - +2 pair of gloves {archery}
MR       .....                  (no boots)
Stlth    +.........             (no amulet)
HPRegen  0.23/turn              p - ring of magical power
MPRegen  0.20/turn              (no ring)

@: no status effects
A: talons 2, slimy green scales 2, fire resistance 1, spiny 1, flame cloud
immunity
a: Minor Destruction, Lesser Servant of Makhleb, Renounce Religion


You were on level 10 of the Dungeon.
You worshipped Makhleb.
Makhleb was most pleased with you.
You were hungry.

You visited 2 branches of the dungeon, and saw 11 of its levels.

You collected 509 gold pieces.
You spent 283 gold pieces at shops.

Inventory:

Hand Weapons
 x - a +0 war axe (weapon)
Missiles
 a - 3 throwing nets
 n - 30 poisoned needles
 B - 2 tomahawks (quivered)
 H - 4 javelins
Armour
 y - +0 swamp dragon scales (worn)
 C - a cursed +0 cloak (worn)
 D - a +2 hat (worn)
 O - a +2 pair of gloves of archery (worn)
Magical Staves
 E - an uncursed staff of cold
Jewellery
 p - a ring of magical power (left hand)
 q - an uncursed ring of fire
Wands
 v - a wand of acid (10)
 F - a wand of iceblast (8)
Scrolls
 c - 4 scrolls of enchant weapon
 d - a scroll of fear {unknown}
 g - 6 scrolls of teleportation
 i - 4 scrolls of fog {unknown}
 j - 6 scrolls of remove curse {unknown}
 m - 5 scrolls of amnesia {unknown}
 w - 3 scrolls of enchant armour {unknown}
 z - a scroll of magic mapping {unknown}
 A - a scroll of immolation {unknown}
 M - a scroll of silence {unknown}
Potions
 b - a potion of resistance {unknown}
 e - 2 potions of haste
 k - 7 potions of curing
 l - 2 potions of brilliance
 o - a potion of invisibility
 r - 4 potions of lignification {!q}
 s - a potion of mutation {unknown}
 t - a potion of agility
 u - a potion of might
 I - a potion of flight {unknown}
 L - a potion of cancellation {unknown}
 N - a potion of heal wounds {unknown}
Books
 K - a book of Party Tricks

   Spells                             Type                      Level
   a - Summon Butterflies             Summoning                    1
   b - Apportation                    Translocation                1
   c - Lesser Beckoning               Translocation                3
   d - Tukima's Dance                 Hexes                        3
   e - Alistair's Intoxication        Transmutation/Poison         5
   f - Invisibility                   Hexes                        6
Miscellaneous
 G - a box of beasts
Comestibles
 f - 18 rations
 h - 4 chunks of flesh


   Skills:
 + Level 6.9 Fighting
 * Level 12.5 Axes
 - Level 1.0 Throwing
 + Level 6.2 Armour
 + Level 8.0 Invocations
 - Level 1.0 Evocations


You had 10 spell levels left.
You didn't know any spells.

Dungeon Overview and Level Annotations

Branches:
Dungeon (10/15)            Temple (1/1) D:4            Lair (0/6) D:8
    Orc: D:9-12

Altars:
Ashenzari
Cheibriados
Dithmenos
Elyvilon
Fedhas
Hepliaklqana
Makhleb
Nemelex Xobeh
Okawaru
Qazlal
Ru
Sif Muna
Trog
Wu Jian
Zin
The Shining One

Shops:
D:6 (   D:9 *[

Annotations:
D:5 mopl's ghost, novice DsWn


Innate Abilities, Weirdness & Mutations

You have razor-sharp toenails.
You are mostly covered in slimy green scales. (AC +3)
Your flesh is heat resistant. (rF+)
You are partially covered in sharp spines.
You are immune to clouds of flame.


Message History

A puff of flame appears from out of thin air!
The puff of flame hits you!
The orc warrior hits you from afar with a trident.
* * * LOW HITPOINT WARNING * * *
The orc hits you but does no damage.
The orc wizard gestures at you while chanting.
The magic dart hits you!
You closely miss the orc wizard.
The orc wizard is severely wounded.
You hit the orc.
The orc warrior hits you from afar with a trident!
* * * LOW HITPOINT WARNING * * *
The orc hits you but does no damage.
The orc wizard mumbles some strange words.
The orc wizard seems to speed up.
You hit the orc wizard.
The orc wizard is almost dead.
You closely miss something. You hit the orc.
The orc hits you from afar with a trident.
You die...

## #8## 8 #...#..
##....... ############
#..o..... ...........##
##)oo{.... ......####..#
#)@# #####.# ##.# #)o#
#.# #.###..#######
#####.# #..##....(...#
...##.######.##.....[..#
.........# #..#........#
.........# ##.#........#
.........# #..>.......#
.........# ##.........#


You could see an orc warrior, an orc wizard and 2 orcs.

Vanquished Creatures
  Harold (D:10)
  3 two-headed ogres
  The ghost of Scuka the Carver, a novice BaFi (D:7)
  The ghost of Oozefury the Grappler, a novice BaSu of Cheibriados (D:8)
  A gargoyle (D:10)
  A hornet (D:10)
  A hippogriff (D:9)
  2 hungry ghosts
  A wyvern (D:9)
  3 orc warriors (D:10)
  3 ice beasts
  A black bear (D:7)
  6 ogres
  5 centaurs
  A big kobold (D:8)
  6 bullfrogs
  A gnoll sergeant (D:5)
  3 scorpions
  9 killer bees
  8 wights
  5 crimson imps
  A bullfrog zombie (D:10)
  2 jellies (D:8)
  7 orc wizards
  4 orc priests
  5 hounds
  A bullfrog skeleton (D:7)
  2 centaur skeletons
  8 worker ants
  3 iguanas
  Natasha (thrice) (D:3)
  A hound zombie (D:6)
  A worker ant zombie (D:7)
  6 adders
  4 gnolls (D:5)
  An adder skeleton (D:5)
  An adder zombie (D:5)
  3 worms
  5 leopard geckos
  33 orcs
  3 giant cockroaches
  14 goblins
  5 hobgoblins
  10 jackals
  13 kobolds
  3 quokkas
  4 ball pythons
  5 bats
  6 frilled lizards
  A quokka zombie (D:9)
  5 rats
223 creatures vanquished.

Vanquished Creatures (others)
  A sky beast (D:10)
  An orc wizard (D:10)
  A jackal (D:8)
3 creatures vanquished.

Grand Total: 226 creatures vanquished

Notes
Turn   | Place    | Note
-------+----------+-------------------------------------------
     0 | D:1      | mopl the Demonspawn Wanderer began the quest for the Orb.
     0 | D:1      | mopl set off with: a +2 hand axe, a +0 shortbow, 27 arrows, a +0 ring mail, a ration
     0 | D:1      | Reached XP level 1. HP: 18/18 MP: 1/1
    72 | D:1      | Reached skill level 2 in Axes
   174 | D:1      | Gained mutation: You are partially covered in slimy green scales. (AC +2) [demonic ancestry]
   174 | D:1      | Reached XP level 2. HP: 22/24 MP: 2/2
   425 | D:1      | Reached skill level 3 in Axes
   893 | D:2      | Reached XP level 3. HP: 23/29 MP: 3/3
  1661 | D:3      | Noticed Natasha
  1673 | D:3      | Killed Natasha
  1673 | D:3      | Reached skill level 4 in Axes
  1673 | D:3      | Gained mutation: You have sharp toenails. [demonic ancestry]
  1673 | D:3      | Reached XP level 4. HP: 10/35 MP: 4/4
  1729 | D:3      | Noticed Natasha
  1960 | D:3      | Killed Natasha
  2095 | D:3      | Noticed Natasha
  2102 | D:3      | Killed Natasha
  2102 | D:3      | Gained mutation: Your flesh is heat resistant. (rF+) [demonic ancestry]
  2102 | D:3      | Reached XP level 5. HP: 33/41 MP: 5/5
  2142 | D:3      | Reached skill level 5 in Axes
  2650 | D:4      | Found a staircase to the Ecumenical Temple.
  2657 | Temple   | Entered the Ecumenical Temple
  2709 | Temple   | Became a worshipper of Makhleb the Destroyer
  2761 | D:4      | Gained mutation: You are partially covered in sharp spines. [demonic ancestry]
  2761 | D:4      | Reached XP level 6. HP: 29/47 MP: 6/6
  2769 | D:4      | Reached skill level 6 in Axes
  3190 | D:4      | Noticed an ice beast
  3203 | D:4      | Killed an ice beast
  3645 | D:5      | Entered Level 5 of the Dungeon
  3661 | D:5      | Reached skill level 7 in Axes
  3672 | D:5      | Reached XP level 7. HP: 46/52 MP: 7/7
  3788 | D:5      | Noticed mopl's ghost (novice DsWn)
  4270 | D:5      | Reached skill level 8 in Axes
  4475 | D:5      | Found a stormy altar of Qazlal.
  4546 | D:5      | Reached * piety under Makhleb
  4661 | D:5      | Gained mutation: You are immune to clouds of flame. [demonic ancestry]
  4661 | D:5      | Reached XP level 8. HP: 58/58 MP: 8/8
  4698 | D:6      | Reached skill level 9 in Axes
  4983 | D:6      | Reached skill level 10 in Axes
  5022 | D:6      | Found Titirug's Antique Weapon Boutique.
  5059 | D:6      | Reached skill level 1 in Invocations
  5326 | D:7      | Found an ornate altar of the Wu Jian Council.
  5337 | D:7      | Found a shattered altar of Ashenzari.
  5340 | D:7      | Found a sacrificial altar of Ru.
  5384 | D:7      | Reached skill level 3 in Armour
  5400 | D:7      | Reached skill level 2 in Invocations
  5439 | D:7      | Noticed Scuka's ghost (novice BaFi)
  5482 | D:7      | Killed Scuka's ghost
  5482 | D:7      | Reached skill level 4 in Fighting
  5482 | D:7      | Reached skill level 3 in Invocations
  5482 | D:7      | Gained mutation: You are mostly covered in slimy green scales. (AC +3) [demonic ancestry]
  5482 | D:7      | Reached XP level 9. HP: 19/65 MP: 11/11
  6297 | D:7      | Reached skill level 4 in Invocations
  6529 | D:7      | Reached skill level 4 in Armour
  6811 | D:8      | Reached skill level 11 in Axes
  6837 | D:8      | Reached ** piety under Makhleb
  7056 | D:8      | Reached skill level 5 in Invocations
  7082 | D:8      | Reached skill level 5 in Fighting
  7084 | D:8      | Noticed Oozefury's ghost (novice BaSu)
  7415 | D:9      | Found Lonei's Luxury Loot.
  7438 | D:9      | Bought a potion of lignification for 36 gold pieces
  7489 | D:9      | Reached XP level 10. HP: 74/74 MP: 14/14
  7723 | D:8      | Found a staircase to the Lair.
  7752 | D:8      | Killed Oozefury's ghost
  7752 | D:8      | Reached skill level 5 in Armour
  7752 | D:8      | Reached skill level 6 in Invocations
  8030 | D:9      | Found a glowing silver altar of Zin.
  8030 | D:9      | Found a white marble altar of Elyvilon.
  8030 | D:9      | Found a glowing golden altar of the Shining One.
  8094 | D:9      | Noticed a two-headed ogre
  8096 | D:9      | Reached *** piety under Makhleb
  8109 | D:9      | Killed a two-headed ogre
  8109 | D:9      | Reached skill level 6 in Fighting
  8144 | D:9      | Found Atrul's Antique Armour Shoppe.
  8152 | D:9      | Bought a pair of runed gloves for 247 gold pieces
  8252 | D:10     | Entered Level 10 of the Dungeon
  8252 | D:10     | Noticed a gargoyle
  8263 | D:10     | Killed a gargoyle
  8321 | D:10     | Noticed Harold
  8356 | D:10     | Killed Harold
  8356 | D:10     | Reached skill level 12 in Axes
  8356 | D:10     | Reached skill level 7 in Invocations
  8437 | D:10     | Found a flagged portal.
  8834 | D:10     | Noticed a two-headed ogre
  8843 | D:10     | Killed a two-headed ogre
  8843 | D:10     | Reached skill level 6 in Armour
  8843 | D:10     | Gained mutation: You have razor-sharp toenails. [demonic ancestry]
  8843 | D:10     | Reached XP level 11. HP: 78/83 MP: 16/16
  8884 | D:10     | Noticed a two-headed ogre
  8894 | D:10     | Killed a two-headed ogre
  9110 | D:10     | Reached skill level 8 in Invocations
  9112 | D:10     | HP: 1/83 [orc warrior/trident (7)]
  9113 | D:10     | Slain by an orc

Vault maps used:
D:1:      lemuel_arrival_broad_hall, minmay_shallow_snake_nest
D:2:      small_statue_intersection
D:3:      grunt_ministairs_8, uniq_natasha
D:4:      cheibrodos_helix_gallery, minmay_temple_entry_hall, first_ration,
          serial_bayou_lake_a
D:5:      serial_glass, glass_columns_a, glass_columns_c, grunt_qazlal_sundering
D:6:      serial_shops, shop
D:7:      grunt_temple_overflow_open
D:8:      lair_entry_dummy, grunt_ogre_cave
D:9:      good_gods_mini_temple, serial_shops, nicolae_shop_trees,
          nicolae_alphabet_shops
D:10:     david_orc_4, enter_bailey_3, uniq_harold
Temple:   eino_temple_scatter_basement

Skill      XL: |  1  2  3  4  5  6  7  8  9 10 11 |
---------------+----------------------------------+-----
Axes           | 2 3 4 5 7 8 10 11 12 | 12.5
Invocations    | 3 5 7 8 |  8.0
Armour         | 3 4 6 |  6.2
Fighting       | 4 5 6 |  6.9
Throwing       | |  1.0
Evocations     | |  1.0

Action                   |  1- 3 |  4- 6 |  7- 9 | 10-12 || total
-------------------------+-------+-------+-------+-------++-------
Melee: Hand axe          |   141 |    54 |       |       ||   195
       Kick              |       |    34 |    70 |    57 ||   161
       War axe           |       |    67 |   260 |   184 ||   511
Throw: Tomahawk          |       |       |       |     2 ||     2
Invok: Lesser Servant of |       |       |       |     1 ||     1
Evoke: Wand              |       |       |       |     1 ||     1
  Use: Scroll            |       |     6 |     1 |       ||     7
       Potion            |       |       |     2 |     4 ||     6
 Stab: Invisible         |       |       |       |     3 ||     3
  Eat: Chunk             |     2 |     5 |     8 |     4 ||    19
       Ration            |       |       |     3 |       ||     3
Armor: Ring mail         |    74 |       |       |       ||    74
       Chain mail        |    14 |    60 |       |       ||    74
       Swamp dragon scal |       |    13 |   138 |    76 ||   227
       Skin              |       |       |       |    11 ||    11
Dodge: Dodged            |    55 |    39 |   125 |    77 ||   296

Table legend:
 A = Spawn XP
 B = Non-spawn XP
 C = Spawn XP percentage of total XP
 D = Spawn monster count
 E = Non-spawn monster count
 F = Spawn count percentage of total count
 G = Total turns spent on level
                    A         B        C        D         E        F      G
               +---------+---------+-------+---------+---------+-------+---------
         Total |       0 |   12746 |   0.0 |       0 |     224 |   0.0 |  9113
               +---------+---------+-------+---------+---------+-------+---------
           D:1 |       0 |      37 |   0.0 |       0 |      22 |   0.0 |   848
           D:2 |       0 |      44 |   0.0 |       0 |      25 |   0.0 |   962
           D:3 |       0 |     198 |   0.0 |       0 |      20 |   0.0 |   721
           D:4 |       0 |     416 |   0.0 |       0 |      15 |   0.0 |  1077
           D:5 |       0 |     762 |   0.0 |       0 |      26 |   0.0 |  1009
           D:6 |       0 |     874 |   0.0 |       0 |      13 |   0.0 |   613
           D:7 |       0 |    1693 |   0.0 |       0 |      19 |   0.0 |  1658
           D:8 |       0 |    2044 |   0.0 |       0 |      24 |   0.0 |   705
           D:9 |       0 |    2200 |   0.0 |       0 |      30 |   0.0 |   593
          D:10 |       0 |    4478 |   0.0 |       0 |      30 |   0.0 |   861
               +---------+---------+-------+---------+---------+-------+---------
